 Dungeon Crawl Stone Soup version 0.27-a0-899-ge2d0b17c59 (webtiles) character file.

Game seed: 4778301212550038029

161 spiderkeys the Cutter (level 5, -12/49 HPs)
             Began as a Kobold Berserker on Apr 6, 2021.
             Was a Believer of Trog.
             Killed by divine providence
             ... invoked by an orc priest
              (15 damage)
             ... on level 4 of the Dungeon.
             The game lasted 00:05:34 (3455 turns).

spiderkeys the Cutter (Kobold Berserker)            Turns: 3455, Time: 00:05:35

Health: -12/49     AC:  2    Str: 14    XL:     5   Next: 70%
Magic:  5/5        EV: 15    Int:  8    God:    Trog [**....]
Gold:   128        SH:  5    Dex: 16    Spells: 4/4 levels left

rFire    . . .     SeeInvis .   a - +0 short sword
rCold    . . .     Faith    .   o - +1 buckler
rNeg     . . .     Spirit   .   b - +0 animal skin
rPois    .         Reflect  .   (no helmet)
rElec    .         Harm     .   (no cloak)
rCorr    .         Rampage  .   (no gloves)
Will     .....                  (no boots)
Stlth    ..........             (no amulet)
HPRegen  0.16/turn              (no ring)
MPRegen  0.09/turn              (no ring)

@: berserking, very quick
A: small, no large weapons, nightstalker 3
a: Renounce Religion, Berserk, Trog's Hand


You were on level 4 of the Dungeon.
You worshipped Trog.
Trog was pleased with you.
You visited 1 branch of the dungeon, and saw 5 of its levels.

You collected 128 gold pieces.

Inventory:

Hand Weapons
 a - a +0 short sword (weapon)
Missiles
 c - 70 stones (quivered)
Armour
 b - a +0 animal skin (worn)
 o - a +1 buckler (worn)
Scrolls
 g - a scroll of identify
 m - a scroll of teleportation
Potions
 d - a potion of haste
 e - a potion of attraction {unknown}
 f - 2 potions of curing
 h - a potion of brilliance
 i - a potion of degeneration {unknown}
 j - a potion of cancellation {unknown}
 k - a potion of flight {unknown}
 n - a potion of invisibility {unknown}


   Skills:
 + Level 4.0 Fighting
 + Level 4.9 Short Blades
 - Level 2.1 Armour
 + Level 3.3 Dodging
 * Level 3.9 Stealth
 + Level 0.5 Shields


You had 4 spell levels left.
You didn't know any spells.
Your spell library was empty.

Dungeon Overview and Level Annotations

Branches:
Dungeon (5/15)
 Temple: D:4-7

Altars:
Dithmenos

Annotations:
D:4 Grinder


Innate Abilities, Weirdness & Mutations

You are small and have problems with some larger weapons.
You are completely attuned to the shadows.


Message History

a +0 club; a +0 scale mail
f - 2 potions of curing (gained 1)
e - a yellow potion An orc comes into view.
It is wielding a +0 flail. 2 orc priests come into view.
An orc priest is wielding a +2 vampiric falchion.
The orc priest shouts!
The orc shouts!
The orc priest shouts!
You hear a shout!
You hear a bark!
You closely miss the orc.
The orc priest calls down the wrath of Beogh upon you.
Beogh smites you! The orc closely misses you.
Unknown command.
A red film seems to cover your vision as you go berserk!
You feel yourself moving faster!
You feel mighty! The orc hits you with a +0 flail!
You hit the orc.
The orc is almost dead.
The orc priest casts a cantrip, but nothing happens.
An orc comes into view. It is wielding a +0 dagger of freezing.
You hit the orc priest.
The orc priest is lightly wounded.
The orc closely misses you.
You completely miss the orc priest.
The orc priest is lightly wounded.
The orc priest invokes the aid of Beogh against you.
Beogh smites you!
* * * LOW HITPOINT WARNING * * *
You barely miss the orc priest.
The orc priest is lightly wounded.
The orc priest hits you with a +2 vampiric falchion.
* * * LOW HITPOINT WARNING * * *
The orc priest draws strength from your wounds!
The orc barely misses you.
A jackal comes into view.
The orc priest miscasts a cantrip.
You barely miss the orc priest.
The jackal barks!
The orc priest invokes the aid of Beogh against you.
Beogh smites you!
You die...

#...##.##)#
.. #.#
#...##.##.#
#..........
#......##..
#....### .
#....)##
#...#..#
######.##..
#@o...
#o....
...o..
....o..
......h.


You could see 2 orc priests, 2 orcs and a jackal.

Vanquished Creatures
  A centaur skeleton (D:2)
  An iguana (D:4)
  3 adders
  A worm (D:3)
  3 dart slugs
  An orc (D:4)
  10 ball pythons
  6 endoplasms
  A giant cockroach (D:2)
  4 goblins
  6 hobgoblins
  5 jackals
  7 kobolds
  4 quokkas
  6 bats
  4 frilled lizards
  3 rats
66 creatures vanquished.

Vanquished Creatures (others)
  2 plants (D:1)
  5 withered plants (D:1)
7 creatures vanquished.

Grand Total: 73 creatures vanquished

Notes
Turn   | Place    | Note
-------+----------+-------------------------------------------
     0 | D:1      | spiderkeys the Kobold Berserker began the quest for the
                  | Orb.
     0 | D:1      | Reached XP level 1. HP: 14/14 MP: 1/1
   168 | D:1      | Reached skill level 1 in Stealth
   284 | D:1      | Reached XP level 2. HP: 19/19 MP: 2/2
   597 | D:1      | Reached XP level 3. HP: 23/23 MP: 3/3
   647 | D:1      | Found a faded altar of an unknown god.
  1321 | D:2      | Reached ** piety under Trog
  1322 | D:2      | Reached XP level 4. HP: 23/29 MP: 4/4
  2048 | D:2      | Reached XP level 5. HP: 26/33 MP: 5/5
  2978 | D:3      | Found a shadowy altar of Dithmenos.
  3067 | D:3      | You fall into a shaft and drop 2 floors!
  3067 | D:5      | Entered Level 5 of the Dungeon
  3137 | D:4      | Noticed Grinder
  3145 | D:4      | Paralysed by Grinder for 6 turns
  3455 | D:4      | Killed from afar by an orc priest

Illustrated notes

Levels and vault maps discovered:
D:1:      lemuel_arrival_rhombus, layout_loops_ring,
          shapermc_ecumenical_altar_flowoftime, nrook_loot_triangle,
          minmay_tall_x
D:2:      layout_basic, minmay_misc_feat_room, hex_tiny, roderic_serpentine_path
D:3:      layout_loops_cross, lemuel_crystal_altar
D:4:      layout_rooms, chequers_ossuary_entry_cave, uniq_grinder
D:5:      layout_loops_cross, nemelex_dance_club_becter,
          nicolae_overflow_hidden_temple

Skill      XL: |  1  2  3  4  5 |
---------------+----------------+-----
Stealth        | 1 2 3 |  3.9
Armour         | 2 |  2.1
Dodging        | 3 |  3.3
Fighting       | 4 |  4.0
Short Blades   | |  4.9
Shields        | |  0.5

Action                   |  1- 3 |  4- 6 || total
-------------------------+-------+-------++-------
Melee: Short sword       |    88 |   124 ||   212
Throw: Stone             |     9 |     4 ||    13
Invok: Berserk           |     2 |     4 ||     6
       Trog's Hand       |       |     1 ||     1
  Use: Scroll            |       |    11 ||    11
 Stab: Sleeping          |    12 |     9 ||    21
       Distracted        |       |     1 ||     1
Armor: Animal skin       |     7 |    10 ||    17
Dodge: Dodged            |    39 |    71 ||   110
Block: Buckler           |       |    16 ||    16

Table legend: (Time is in decaauts)
 A = Elapsed time spent in this place.
 B = Non-inter-level travel time spent in this place.
 C = Inter-level travel time spent in this place.
 D = Time resting spent in this place.
 E = Time spent auto-exploring this place.
 F = Levels seen in this place.
 G = Mean time per level.
                   A        B        C        D        E       F      G
               +--------+--------+--------+--------+--------+-----+--------+
         Total |   3482 |   3410 |     72 |    275 |   2652 |   5 |  696.4 |
       Dungeon |   3482 |   3410 |     72 |    275 |   2652 |   5 |  696.4 |
               +--------+--------+--------+--------+--------+-----+--------+

Top non-repeatable levels by time:
     D:2: 1284 daAuts
     D:1: 1238 daAuts
     D:3: 566 daAuts
     D:4: 380 daAuts
     D:5: 11 daAuts
